Map: 永恆帝國 - 天梯版

Players

Nice - Winner!

  • Race: Protoss Protoss
  • Spawn Location: 7:00

Namshar

  • Race: Zerg Zerg
  • Spawn Location: 1:00

Event: IEM Katowice 2020

VOD

Have the link to the VOD?

Description

Time

  • Played on: Feb. 25, 2020, 7:58 a.m.
  • Length: 12:37

All games in this series

Show
View Real Time Build Order
Export as new Build Order

Nice Protoss - Winner!

Build Orders: 1 Gate Expand, Oracle Opening, Phoenix Opening, Mass Phoenix 

Get SALT Encoding   

  12  0:00  Probe  
  13  0:13  Probe  
  14  0:20  Pylon  
  14  0:25  Probe  
  15  0:38  Probe (Chrono Boost)  
  15  0:41  Gateway  
  16  0:49  Probe (Chrono Boost)  
  17  0:52  Assimilator  
  17  0:54  Probe (Chrono Boost)  
  18  1:04  Probe  
  19  1:16  Probe  
  20  1:28  Nexus  
  20  1:38  Cybernetics Core  
  20  1:44  Assimilator  
  20  1:46  Probe  
  21  1:54  Pylon  
  21  1:58  Probe  
  22  2:08  Probe  
  22  2:11  Adept (Chrono Boost)  
  25  2:16  Probe  
  25  2:22  Stargate  
  26  2:24  Probe  
  27  2:34  Adept  
  29  2:41  Probe (Chrono Boost)  
  29  2:44  Warp Gate  
  31  2:47  Probe (Chrono Boost)  
  31  2:50  Probe (Chrono Boost)  
  32  2:54  Probe (Chrono Boost)  
  32  2:55  Probe (Chrono Boost)  
  34  3:02  Oracle (Chrono Boost)  
  34  3:05  Probe  
  38  3:07  Probe  
  39  3:15  Gateway  
  39  3:17  Probe  
  39  3:19  Probe  
  41  3:20  Pylon  
  41  3:29  Probe  
  41  3:32  Phoenix (Chrono Boost), Probe  
  45  3:40  Gateway  
  45  3:41  Probe  
  45  3:44  Probe  
  45  3:46  Assimilator  
  47  3:49  Assimilator  
  50  3:57  Probe  
  50  4:01  Probe  
  52  4:06  Phoenix (Chrono Boost)  
  52  4:09  Probe  
  52  4:13  Probe  
  52  4:16  Stargate  
  53  4:18  Pylon  
  53  4:21  Probe  
  54  4:32  Pylon  
  54  4:35  Pylon  
  54  4:36  Phoenix (Chrono Boost), Probe  
  54  4:37  Probe, Adept x2  
  62  4:50  Probe  
  63  4:55  Phoenix (Chrono Boost)  
  63  4:59  Pylon  
  67  5:07  Phoenix (Chrono Boost)  
  67  5:12  Phoenix (Chrono Boost)  
  69  5:18  Nexus  
  65  5:26  Shield Battery  
  67  5:30  Probe x2  
  67  5:31  Phoenix x2 (Chrono Boost)  
  67  5:34  Adept x2  
  75  5:42  Probe x2  
  77  5:46  Pylon  
  77  5:51  Phoenix (Chrono Boost)  
  81  6:00  Phoenix (Chrono Boost)  
  81  6:04  Probe x2  
  83  6:07  Phoenix (Chrono Boost)  
  85  6:13  Protoss Air Weapons Level 1  
  85  6:14  Forge  
  85  6:18  Phoenix  
  87  6:22  Robotics Facility  
  87  6:28  Robotics Facility  
  85  6:40  Void Ray (Chrono Boost)  
  89  6:53  Probe  
  90  6:57  Probe  
  90  6:58  Protoss Ground Weapons Level 1  
  90  7:00  Twilight Council  
  92  7:04  Pylon  
  92  7:05  Probe, Zealot x3  
  92  7:06  Pylon  
  92  7:08  Pylon  
  99  7:09  Probe  
  99  7:13  Immortal (Chrono Boost)  
  99  7:14  Void Ray (Chrono Boost)  
  107  7:22  Probe x2  
  109  7:26  Stalker x3  
  113  7:39  Void Ray  
  113  7:49  Probe x3  
  113  7:51  Zealot x3  
  113  7:58  Immortal (Chrono Boost)  
  119  8:01  Probe x3, Twilight Council  
  126  8:07  Assimilator  
  126  8:08  Pylon  
  126  8:09  Assimilator  
  130  8:13  Probe  
  130  8:19  Immortal (Chrono Boost)  
  131  8:24  Shield Battery x2  
  131  8:27  Shield Battery  
  131  8:33  Pylon  
  131  8:36  Immortal  
  135  8:46  Charge (Chrono Boost)  
  135  8:50  Gateway  
  135  8:51  Immortal  
  135  8:52  Gateway  
  139  8:56  Gateway  
  139  9:03  Sentry x3  
  139  9:09  Nexus  
  145  9:14  Protoss Ground Weapons Level 2 (Chrono Boost)  
  145  9:23  Pylon  
  143  9:26  Immortal  
  143  9:27  Unknown  
  147  9:31  Zealot, Templar Archives  
  147  9:36  Pylon  
  147  9:38  Warp Prism  
  147  10:01  Zealot x6  
  147  10:06  Pylon, Templar Archives  
  159  10:08  Gateway  
  159  10:09  Probe  
  159  10:10  Probe x2  
  159  10:11  Gateway  
  158  10:22  Probe x2  
  158  10:28  Zealot x6  
  170  10:42  Pylon  
  170  10:55  High Templar x3  
  170  10:57  High Templar  
  170  11:00  Archon  
  170  11:04  Archon  
  170  11:07  Nexus  
  162  11:12  Warp Prism (Chrono Boost)  
  154  11:18  High Templar  
  154  11:19  High Templar x3  
  154  11:23  Archon  
  158  11:26  Archon  
  158  11:28  High Templar x2, Zealot  
  158  11:29  Zealot  
  166  11:35  Archon  
  164  11:52  Zealot x6  
  142  12:18  Zealot x8  
  154  12:27  Nexus  
Show
View Real Time Build Order
Export as new Build Order

Namshar Zerg 

Build Orders: Hatch First 

Get SALT Encoding   

  12  0:01  Drone  
  13  0:12  Overlord  
  13  0:16  Drone  
  14  0:30  Drone x2  
  16  0:45  Drone x2  
  18  0:55  Hatchery  
  17  0:58  Drone  
  17  1:00  Extractor  
  17  1:07  Drone  
  18  1:16  Spawning Pool  
  17  1:20  Drone  
  18  1:28  Drone  
  19  1:39  Overlord  
  19  2:03  Queen, Metabolic Boost  
  19  2:04  Zergling x4  
  19  2:07  Queen  
  19  2:08  Drone  
  26  2:12  Drone  
  27  2:18  Drone  
  28  2:25  Drone  
  28  2:28  Drone  
  30  2:34  Drone  
  31  2:40  Drone  
  31  2:43  Hatchery  
  31  2:51  Drone  
  31  2:54  Overlord  
  31  2:56  Drone  
  32  3:08  Drone  
  32  3:09  Drone  
  32  3:12  Drone  
  35  3:13  Queen  
  35  3:16  Drone  
  35  3:17  Drone x2  
  40  3:25  Drone, Overlord  
  41  3:32  Spore Crawler, Drone  
  41  3:33  Spore Crawler  
  41  3:34  Drone, Queen  
  43  3:44  Drone x5  
  48  3:51  Overlord  
  48  3:52  Drone x2  
  50  4:01  Spore Crawler  
  49  4:05  Drone  
  49  4:07  Overlord x2  
  49  4:08  Drone  
  49  4:09  Drone  
  52  4:16  Queen  
  54  4:22  Drone  
  54  4:23  Overlord x2  
  55  4:24  Roach Warren  
  55  4:25  Drone  
  55  4:26  Drone x2  
  57  4:32  Drone x3  
  57  4:33  Drone  
  57  4:37  Lair  
  61  4:42  Extractor  
  61  4:43  Zergling x6, Extractor  
  61  4:44  Zergling x2  
  61  4:45  Zergling x2  
  64  4:49  Drone  
  64  4:50  Drone  
  66  4:53  Extractor  
  66  4:57  Overlord  
  66  4:58  Drone  
  66  4:59  Drone x2  
  68  5:12  Roach x5  
  76  5:17  Drone x4  
  80  5:28  Extractor, Drone  
  81  5:29  Drone x3, Overlord  
  81  5:31  Extractor  
  81  5:33  Drone x2, Overlord  
  81  5:34  Roach  
  81  5:35  Roach x2  
  90  5:45  Drone x2  
  90  5:46  Drone  
  90  5:48  Overlord  
  93  5:50  Overseer  
  93  5:52  Roach  
  93  5:55  Roach  
  97  5:58  Overlord  
  97  5:59  Roach x2  
  97  6:00  Roach  
  97  6:01  Roach x2  
  97  6:02  Evolution Chamber  
  105  6:06  Overlord  
  105  6:07  Roach x3  
  111  6:13  Queen x3  
  117  6:20  Overlord  
  113  6:37  Nydus Network  
  108  6:40  Overlord  
  108  6:43  Roach x6  
  108  6:44  Roach x4  
  124  6:59  Overlord x3  
  121  7:06  Overlord x3  
  121  7:07  Overlord  
  119  7:13  Nydus Canal  
  119  7:16  Overlord  
  119  7:17  Queen x2  
  119  7:20  Roach x3  
  126  7:24  Roach  
  126  7:25  Overlord  
  126  7:26  Roach  
  126  7:27  Roach x2  
  126  7:28  Zerg Missile Weapons Level 1  
  134  7:33  Nydus Canal  
  134  7:36  Roach x4  
  138  7:42  Roach  
  138  7:48  Roach  
  132  7:53  Extractor, Queen x2  
  132  7:58  Glial Reconstitution  
  125  8:01  Roach x5  
  125  8:05  Nydus Canal  
  135  8:06  Drone x2  
  135  8:07  Drone x2  
  135  8:08  Drone  
  135  8:09  Drone  
  141  8:15  Roach  
  141  8:18  Hatchery  
  138  8:26  Drone  
  139  8:27  Spire  
  139  8:28  Drone x3, Queen  
  139  8:29  Queen, Drone  
  139  8:30  Drone  
  143  8:35  Queen  
  143  8:38  Unknown  
  142  8:42  Overseer  
  142  8:45  Drone x2  
  142  8:46  Drone  
  142  8:47  Overlord x2  
  142  8:55  Drone x2  
  144  8:56  Spore Crawler  
  141  9:04  Queen  
  141  9:06  Queen  
  140  9:20  Queen  
  140  9:22  Drone x3  
  144  9:40  Corruptor x8, Queen  
  161  9:48  Corruptor  
  161  9:49  Corruptor  
  159  9:54  Corruptor  
  159  9:56  Corruptor  
  159  10:03  Corruptor x2  
  159  10:07  Zerg Missile Weapons Level 2  
  159  10:11  Overlord  
  159  10:12  Overlord  
  159  10:14  Ravager  
  159  10:15  Ravager  
  161  10:23  Drone x2, Overlord x3  
  163  10:29  Ravager x4  
  163  10:31  Roach x4, Drone  
  163  10:33  Baneling Nest  
  167  10:36  Roach x2  
  171  10:46  Ravager  
  171  10:47  Ravager x3  
  171  10:48  Roach x3  
  173  10:59  Roach x8  
  185  11:04  Roach  
  185  11:05  Roach  
  185  11:10  Roach  
  181  11:22  Roach x3  
  187  11:30  Queen  
  189  11:35  Hatchery  
  189  11:36  Ravager  
  189  11:37  Ravager x3  
  192  11:41  Roach x3  
  188  11:48  Roach  
  188  11:53  Roach x4  
  188  11:54  Roach  
  163  12:02  Roach  
  163  12:03  Roach x10  
  163  12:05  Ravager x2  
  163  12:06  Ravager  
  177  12:10  Roach x2  
  169  12:15  Roach  
  169  12:16  Roach  

Tags
 
Add a new tag
Caveats
  • Supply blocks, unpowered buildings, or Contaminate may cause inaccurate times.
  • Supply counts are checked every 10 seconds.